 Dungeon Crawl Stone Soup version 0.22-a0-406-g9ff8d77 (webtiles) character file.

39 iamserjio the Chiller (level 3, 0/26 HPs)
             Began as a Ghoul Ice Elementalist on May 8, 2018.
             Slain by a rat (1 damage)
             ... on level 1 of the Dungeon.
             The game lasted 00:04:58 (1495 turns).

iamserjio the Chiller (Ghoul Ice Elementalist)      Turns: 1495, Time: 00:04:59

Health: 0/26       AC:  2    Str: 11    XL:     3   Next: 47%
Magic:  3/5        EV: 12    Int: 11    God:
Gold:   68         SH:  0    Dex:  9    Spells: 3/6 levels left

rFire    . . .     SeeInvis .   (no weapon)
rCold    + . .     Gourm    .   (no shield)
rNeg     + + +     Faith    .   a - +0 robe
rPois    ∞         Spirit   .   (no helmet)
rElec    .         Reflect  .   (no cloak)
rCorr    .         Harm     .   (no gloves)
MR       .....                  (no boots)
Stlth    ++........             (no amulet)
HPRegen  0.00/turn              (no ring)
MPRegen  0.09/turn              (no ring)

@: rotting
A: rotting body, claws 1, carnivore, cold resistance 1, negative energy
resistance 3, inhibited regeneration, torment resistance, unbreathing
a: no special abilities


You were on level 1 of the Dungeon.
You were not hungry.

You visited 1 branch of the dungeon, and saw 2 of its levels.

You collected 68 gold pieces.

Inventory:

Hand Weapons
 d - a +0 short sword
Missiles
 e - 13 stones (quivered)
Armour
 a - a +0 robe (worn)
Scrolls
 f - 2 scrolls of remove curse {unknown}
 g - a scroll of magic mapping {unknown}
 h - a scroll of teleportation {unknown}
Potions
 b - a potion of berserk rage {unknown}
Comestibles
 c - 5 rations
 i - 2 chunks of flesh


   Skills:
 - Level 1.7 Dodging
 - Level 2.1 Stealth
 * Level 0.0 Unarmed Combat
 + Level 2.4 Spellcasting
 + Level 1.0 Conjurations
 * Level 4.1 Ice Magic


You had 3 spell levels left.
You knew the following spells:

 Your Spells              Type           Power        Failure   Level  Hunger
a - Freeze                Ice            ##..         4%          1    ##.....
b - Throw Frost           Conj/Ice       #.....       14%         2    ###....


Dungeon Overview and Level Annotations

Branches:
Dungeon (2/15)

Altars:


Innate Abilities, Weirdness & Mutations

Your body is rotting away.
You thrive on raw meat.
You are immune to poison.
You have sharp fingernails.
You are carnivorous and can eat meat at any time.
Your flesh is cold resistant. (rC+)
You are immune to negative energy. (rN+++)
You do not regenerate when monsters are visible.
You are immune to unholy pain and torment.
You can survive without breathing.


Message History

The rat bites you. The rat misses you.
You scratch the rat.
You kill the rat!
The rat barely misses you.
You scratch the rat.
You kill the rat!
The rat bites you but does no damage.
You scratch the worm.
The worm is moderately wounded.
The rat closely misses you.
The frilled lizard bites you but does no damage.
The worm bites you!
There is a stone staircase leading up here.
The rat closely misses you. The worm bites you!
* * * LOW HITPOINT WARNING * * *
You climb upwards.
There is a stone staircase leading down here.
The rat closely misses you. The rat bites you.
You die...

♣♣♣....)..#####.
♣♣♣♣♣♣............#..
♣♣♣♣♣♣..........##..##.#..
♣♣♣♣♣♣................#..##.#..
♣♣..............................
♣♣....#.#######..##.....#..##.##.
♣..####.# #####..###...##.)......
♣.## #.###.........#............
### #.........@##.#.###.###.###
#####.###r.##.#.........### #.#
#.>##.#..........# #.#
#.w##.#.###.####.#
#.###..##.#.###.# #.#
#.##............# #.#
#.##.#.##.#.##### #.#
#.##.#.##.#.##### #.#
#.##.#..........# #.#


You could see a worm and a rat.

Vanquished Creatures
  An ooze (D:1)
  A dart slug (D:1)
  7 bats
  3 giant cockroaches
  4 goblins (D:1)
  4 jackals (D:1)
  6 kobolds
  A frilled lizard (D:1)
  4 rats
31 creatures vanquished.

Notes
Turn   | Place    | Note
-------+----------+-------------------------------------------
     0 | D:1      | iamserjio the Ghoul Ice Elementalist began the quest for the Orb.
     0 | D:1      | Reached XP level 1. HP: 14/14 MP: 2/2
   270 | D:1      | Reached XP level 2. HP: 20/20 MP: 4/4
   641 | D:1      | Learned a level 2 spell: Throw Frost
   908 | D:1      | Reached skill level 4 in Ice Magic
   908 | D:1      | Reached XP level 3. HP: 23/26 MP: 5/5
  1096 | D:1      | Reached skill level 1 in Conjurations
  1492 | D:2      | HP: 1/26 [worm (8)]
  1495 | D:1      | Slain by a rat

Vault maps used:
D:1:      kilobyte_arrival_exit_the_forest
D:2:      grunt_dithmenos_smoke_and_mirrors, serial_bayou_pond_b,
          serial_park_tiny_pond

Skill      XL: |  1  2  3 |
---------------+----------+-----
Spellcasting   | 2 |  2.4
Ice Magic      | 4 |  4.1
Conjurations   | 1 |  1.0
Dodging        | |  1.7
Stealth        | |  2.1

Action                   || total
-------------------------++-------
Melee: Unarmed           ||    87
 Cast: Freeze            ||    22
 Stab: Sleeping          ||     2
  Eat: Chunk             ||     5
Armor: Robe              ||    32
Dodge: Dodged            ||    84

Table legend:
 A = Spawn XP
 B = Non-spawn XP
 C = Spawn XP percentage of total XP
 D = Spawn monster count
 E = Non-spawn monster count
 F = Spawn count percentage of total count
 G = Total turns spent on level
                    A         B        C        D         E        F      G
               +---------+---------+-------+---------+---------+-------+---------
         Total |       0 |      57 |   0.0 |       0 |      31 |   0.0 |  1495
               +---------+---------+-------+---------+---------+-------+---------
           D:1 |       0 |      49 |   0.0 |       0 |      25 |   0.0 |  1454
           D:2 |       0 |       8 |   0.0 |       0 |       6 |   0.0 |    41
               +---------+---------+-------+---------+---------+-------+---------
